 Dungeon Crawl Stone Soup version 0.28.0-43-g3370ac3207 (webtiles) character file.

Game seed: 5522498962806310241

16 sizableburger the Chopper (level 2, -1/21 HPs)
             Began as an Octopode Monk on Mar 11, 2022.
             Slain by a quokka (3 damage)
             ... on level 1 of the Dungeon.
             The game lasted 00:00:58 (490 turns).

sizableburger the Chopper (Octopode Monk)            Turns: 490, Time: 00:00:58

Health: -1/21      AC:  1    Str: 10    XL:     2   Next: 58%
Magic:  2/2        EV: 14    Int: 12    God:
Gold:   12         SH:  0    Dex: 14    Spells: 1/1 levels left

rFire   . . .      SeeInvis .   a - +0 hand axe
rCold   . . .      Faith    .   (no shield)
rNeg    . . .      Spirit   .   (helmet restricted)
rPois   .          Reflect  .   (no amulet)
rElec   .          Harm     .   (no ring)
rCorr   .          Rampage  .   (no ring)
Will    .....                   (no ring)
Stlth   +++.......              (no ring)
HPRegen 0.07/turn               (no ring)
MPRegen 0.08/turn               (no ring)
                                (no ring)
                                (no ring)

@: no status effects
A: almost no armour, amphibious, 8 rings, camouflage 1, gelatinous body 1,
(nimble swimmer 1), tentacles
a: no special abilities


You were on level 1 of the Dungeon.
You visited 1 branch of the dungeon, and saw 2 of its levels.

You collected 12 gold pieces.

Inventory:

Hand Weapons
 a - a +0 hand axe (weapon)
Jewellery
 b - a ring of ice


   Skills:
 + Level 3.3 Fighting
 + Level 3.3 Axes
 - Level 3.1 Dodging
 - Level 3.0 Stealth


You had one spell level left.
You didn't know any spells.
Your spell library contained the following spells:

 Spells                   Type           Power      Damage    Failure   Level
 Beastly Appendage        Tmut           0%         N/A       32%         1
 Wereblood                Tmut           0%         N/A       45%         2
 Spider Form              Tmut/Pois      0%         N/A       69%         3


Dungeon Overview and Level Annotations

Branches:
Dungeon (2/15)

Altars:


Innate Abilities, Weirdness & Mutations

You cannot wear most types of armour.
You are amphibious.
You can wear up to eight rings at the same time.
Your skin changes colour to match your surroundings (Stealth+).
Your rubbery body absorbs attacks. (AC +1, EV +1)
((You are camouflaged when in or above water. (Stealth+)))
You have tentacles for arms and can constrict up to eight enemies at once.


Message History

There is a stone staircase leading down here.
There are monsters nearby!
You climb downwards.
The hobgoblin completely misses you. The goblin hits you with a +0 club.
There is a stone staircase leading up here.
There are monsters nearby!
You hit the hobgoblin. You grab the hobgoblin.
The hobgoblin is severely wounded.
You barely miss the goblin. You constrict the hobgoblin.
You kill the hobgoblin!
The goblin hits you but does no damage.
You hit the goblin. You grab the goblin.
The goblin is heavily wounded.
You constrict the goblin. The goblin closely misses you.
You hit the goblin.
You kill the goblin!
You start resting.
An adder comes into view.
You climb upwards.
The ball python completely misses you. The ball python barely misses you.
The quokka misses you. The ball python bites you. The ball python misses you.
The quokka bites you.
* * * LOW HITPOINT WARNING * * *
There is a stone staircase leading down, spattered with blood here.
Unknown command.
The ball python bites you.
* * * LOW HITPOINT WARNING * * *
The ball python grabs you. The ball python constricts you.
* * * LOW HITPOINT WARNING * * *
You escape the ball python's grasp.
The ball python barely misses you. The ball python grabs you.
The ball python constricts you.
* * * LOW HITPOINT WARNING * * *
The ball python's grasp on you weakens, but your attempt to escape fails.
The ball python closely misses you. The ball python constricts you.
* * * LOW HITPOINT WARNING * * *
You escape the ball python's grasp.
As you read the scroll labelled JUBENI LIHOD, it crumbles to dust.
You feel aware of your surroundings.
It was a scroll of magic mapping.
The quokka bites you.
You die...

*,,,,,,,,,,,* *,*
*,*********,* *,* ## *,*,,,*
*,* *.#******* .#
*,*,*,*****,* *.#,,,,,,* .#
*,*,*,,,,,,,* *.#,****,*
.#***,*,*##########.#,,,,*,*
.#*,,,,,,...........#*****,*
##*,*,#.,...........# *,* #
*,#...,.......@rS.# *,*
###.#.##*#########..# *,*
........# #..# *,*
###.###.##########..# *,*
.........,........>.# *,*
....#.#.##..#######.#*****,*
#.###.#.#...# *...,,**,*
#.#.....#..######**###.#**,*
.................,,,,,,#**,*


You could see a quokka and a ball python.

Vanquished Creatures
  A ball python (D:1)
  A giant cockroach (D:1)
  A goblin (D:2)
  A hobgoblin (D:2)
  4 jackals (D:1)
  2 kobolds (D:1)
  2 bats (D:1)
  2 rats
14 creatures vanquished.

Notes
Turn   | Place    | Note
-------+----------+-------------------------------------------
     0 | D:1      | sizableburger the Octopode Monk began the quest for the
                  | Orb.
     0 | D:1      | Reached XP level 1. HP: 16/16 MP: 1/1
   330 | D:1      | Reached XP level 2. HP: 21/21 MP: 2/2
   490 | D:1      | Slain by a quokka

Illustrated notes

Levels and vault maps discovered:
D:1:      onia_arrival_pyramid, layout_basic
D:2:      minmay_alternating_diamond, layout_rooms, serial_rivers,
          chequers_serial_rivers_micro_b, chequers_serial_rivers_micro_c,
          chequers_serial_rivers_room_a, chequers_serial_rivers_large_b,
          chequers_serial_rivers_micro_e

Skill      XL: |  1 |
---------------+----+-----
Stealth        | 3 |  3.0
Fighting       | |  3.3
Axes           | |  3.3
Dodging        | |  3.1

Action                   || total
-------------------------++-------
Melee: Hand axe          ||    33
       Constrict         ||    10
       Tentacles         ||     5
  Use: Scroll            ||     1
 Stab: Sleeping          ||     1
Armor: Skin              ||     2
Dodge: Dodged            ||    43
